 Dungeon Crawl Stone Soup version 0.25.1-2-g60ff931df9 (webtiles) character file.

Game seed: 5146912311894562422

127 Kaptain the Digger (level 5, 0/28 HPs)
             Began as a Gargoyle Earth Elementalist on Sept 10, 2020.
             Slain by Blork the orc
             ... wielding a +0 glaive
              (8 damage)
             ... on level 5 of the Dungeon.
             The game lasted 00:10:26 (3003 turns).

Kaptain the Digger (Gargoyle Earth Elementalist)    Turns: 3003, Time: 00:10:26

Health: 0/28       AC:  8    Str: 12    XL:     5   Next: 11%
Magic:  7/9        EV: 11    Int: 16    God:
Gold:   224        SH:  0    Dex: 10    Spells: 6/10 levels left

rFire    . . .     SeeInvis .   q - +0 short sword
rCold    . . .     Gourm    .   (no shield)
rNeg     + . .     Faith    .   e - +0 leather armour
rPois    ∞         Spirit   .   (no helmet)
rElec    +         Reflect  .   h - +0 cloak
rCorr    .         Harm     .   (no gloves)
MR       .....                  (no boots)
Stlth    ++........             (no amulet)
HPRegen  0.09/turn              (no ring)
MPRegen  0.11/turn              (no ring)

@: no status effects
A: negative energy resistance 1, electricity resistance, unbreathing,
petrification resistance, rot immunity, AC +4
a: no special abilities


You were on level 5 of the Dungeon.
You were hungry.

You visited 1 branch of the dungeon, and saw 4 of its levels.

You collected 224 gold pieces.

Inventory:

Hand Weapons
 c - a +0 hand axe
 q - a +0 short sword (weapon)
Missiles
 b - 53 stones (quivered)
Armour
 e - a +0 leather armour (worn)
 h - a +0 cloak (worn)
Wands
 f - a wand of random effects (23)
Scrolls
 a - 3 scrolls of identify {unknown}
 g - 2 scrolls of fog {unknown}
 i - a scroll of enchant armour {unknown}
 k - 3 scrolls of remove curse {unknown}
 m - a scroll of amnesia {unknown}
 n - a scroll of fear {unknown}
Potions
 j - 2 potions of lignification {unknown}
 l - a potion of flight {unknown}
 o - a potion of magic {unknown}
 p - a potion of curing {unknown}
 r - a potion of cancellation {unknown}
Comestibles
 d - 5 rations


   Skills:
 + Level 0.5 Fighting
 - Level 0.8 Axes
 + Level 1.5 Armour
 - Level 1.7 Dodging
 - Level 2.1 Stealth
 * Level 3.0 Spellcasting
 * Level 1.1 Conjurations
   Level 0.7 Transmutations
 * Level 4.9 Earth Magic


You had 6 spell levels left.
You knew the following spells:

 Your Spells              Type           Power        Failure   Level  Hunger
a - Sandblast             Erth           ###...       3%          1    #......
b - Stone Arrow           Conj/Erth      ##....       21%         3    ###....

Your spell library contained the following spells:

 Spells                   Type           Power        Failure   Level  Hunger
 Passwall                 Tmut/Erth      ##......     11%         2    ##.....
 Petrify                  Tmut/Erth      ##......     58%         4    #####..
 Lee's Rapid Deconstruct  Erth           ###.......   65%         5    ######.


Dungeon Overview and Level Annotations

Branches:
Dungeon (3/15)

Altars:
Gozag

Annotations:
D:5 Blork the orc


Innate Abilities, Weirdness & Mutations

You are resistant to torment.
Your stone body is resilient. (AC +4)
You are immune to poison.
You resist negative energy. (rN+)
You are resistant to electric shocks. (rElec)
You can survive without breathing.
You are immune to petrification.
You are immune to rotting.


Message History

The puff of flame misses you. The quokka barely misses you. Something hits you.
There is a stone staircase leading down here.
Something hits you. The quokka barely misses you.
There is an open door here.
Something hits you.
Things that are here:
a +0 dagger; a +0 ring mail The quokka bites you but does no damage.
Something hits you but does no damage.
You open the door.
The quokka bites you but does no damage.
Something hits you!
* * * LOW HITPOINT WARNING * * *
The quokka barely misses you.
There is an open door here.
Something hits you but does no damage. The quokka closely misses you.
Something barely misses you.
You open the door. The quokka closely misses you. Something hits you!
You die...

....o..#..........>....
.......#...............
.......##...#######.... #######
######...##.... #...
#........##.... #...
#.........#.... ...
#.........#....
#############'####'########....
#.............@r..........#>...
#.........................#....
#.........................#....
#.........................#....
#........................)#'###
....##+###################.....
... #..... .. #..... . #.....


You could see a quokka.

Vanquished Creatures
  Ijyb (D:5)
  An adder (D:2)
  An ooze (D:1)
  2 worms
  A dart slug (D:2)
  6 leopard geckos
  2 orcs (D:3)
  9 bats
  3 giant cockroaches
  4 hobgoblins
  7 jackals (D:3)
  A quokka (D:2)
  5 ball pythons
  7 frilled lizards
  5 goblins
  12 kobolds
  9 rats
76 creatures vanquished.

Vanquished Creatures (others)
  A plant (D:2)
1 creature vanquished.

Grand Total: 77 creatures vanquished

Notes
Turn   | Place    | Note
-------+----------+-------------------------------------------
     0 | D:1      | Kaptain the Gargoyle Earth Elementalist began the quest for
                  | the Orb.
     0 | D:1      | Reached XP level 1. HP: 10/10 MP: 3/3
   390 | D:1      | Reached XP level 2. HP: 7/15 MP: 3/5
   556 | D:1      | Reached skill level 4 in Earth Magic
  1045 | D:2      | Reached XP level 3. HP: 17/19 MP: 6/6
  1348 | D:2      | Reached skill level 1 in Armour
  1456 | D:2      | Reached XP level 4. HP: 22/24 MP: 8/8
  2120 | D:3      | Learned a level 3 spell: Stone Arrow
  2423 | D:3      | Found an opulent altar of Gozag.
  2811 | D:3      | You fall into a shaft and drop 2 floors!
  2811 | D:5      | Entered Level 5 of the Dungeon
  2836 | D:5      | Noticed Ijyb
  2934 | D:5      | Killed Ijyb
  2934 | D:5      | Reached skill level 1 in Conjurations
  2934 | D:5      | Reached XP level 5. HP: 13/28 MP: 0/9
  2965 | D:5      | Noticed Blork the orc
  3003 | D:5      | Slain by Blork the orc

Illustrated notes

Levels and vault maps discovered:
D:1:      shiori_arrival_elements, layout_basic, minmay_quantized
D:2:      layout_loops_ring, first_ration, grunt_ministairs_2,
          lexackson_kobold_supper
D:3:      layout_loops_ring, nicolae_gozag_cash_rules_everything_around_me
D:5:      layout_gridville, portal_sewer_entry_e, serial_shops,
          nicolae_shop_trees, basic_altar, st_stairs_10, chequers_mini_garden,
          uniq_blork_the_orc, uniq_menkaure, uniq_ijyb

Skill      XL: |  1  2  3  4 |
---------------+-------------+-----
Earth Magic    | 4 |  4.9
Armour         | 1 |  1.5
Spellcasting   | 3 |  3.0
Conjurations   | 1 |  1.1
Fighting       | |  0.5
Axes           | |  0.8
Dodging        | |  1.7
Stealth        | |  2.1
Transmutations | |  0.7

Action                   |  1- 3 |  4- 6 || total
-------------------------+-------+-------++-------
Melee: Hand axe          |    65 |    79 ||   144
       Short sword       |       |   120 ||   120
 Cast: Sandblast         |    25 |    41 ||    66
 Stab: Sleeping          |     5 |     2 ||     7
  Eat: Chunk             |     2 |     5 ||     7
Armor: Leather armour    |    26 |    88 ||   114
Dodge: Dodged            |    52 |   126 ||   178
